 Dungeon Crawl Stone Soup version 0.26.1-10-gdfb7c7de75 (webtiles) character file.

Game seed: 7492868709232114128

161 Chiseanne the Magician (level 5, 28/35 HPs)
             Began as a Demonspawn Hedge Wizard on Apr 11, 2021.
             Quit the game on level 3 of the Dungeon.
             The game lasted 00:04:33 (3204 turns).

Chiseanne the Magician (Demonspawn Hedge Wizard)    Turns: 3204, Time: 00:04:33

Health: 28/35      AC:  2    Str: 10    XL:     5   Next: 18%
Magic:  0/11       EV: 12    Int: 16    God:
Gold:   81         SH:  0    Dex: 13    Spells: 6/12 levels left

rFire    . . .     SeeInvis .   a - +1 short sword
rCold    . . .     Faith    .   (no shield)
rNeg     . . .     Spirit   .   b - +0 robe
rPois    .         Reflect  .   c - +0 hat
rElec    .         Harm     .   (no cloak)
rCorr    .         Rampage  .   (no gloves)
Will     .....                  (no boots)
Stlth    ++........             (no amulet)
HPRegen  1.11/turn              (no ring)
MPRegen  0.12/turn              (no ring)

@: no status effects
A: demonic guardian 1, powered by death 2
a: no special abilities


You were on level 3 of the Dungeon.
You visited 1 branch of the dungeon, and saw 3 of its levels.

You collected 81 gold pieces.

Inventory:

Hand Weapons
 a - a +1 short sword (weapon)
 l - a +0 club
Missiles
 e - 5 javelins
 g - 19 arrows
 i - 37 stones
 m - 14 bolts
Armour
 b - a +0 robe (worn)
 c - a +0 hat (worn)
Scrolls
 k - a scroll of identify
Potions
 d - a potion of might
 f - 2 potions of brilliance
 h - 2 potions of flight
Miscellaneous
 j - a phial of floods


   Skills:
 - Level 1.7 Dodging
 - Level 1.7 Stealth
 * Level 4.2 Spellcasting
 * Level 3.2 Conjurations
 - Level 1.0 Summonings
 - Level 0.8 Translocations
 * Level 1.0 Air Magic
 * Level 1.2 Poison Magic


You had 6 spell levels left.
You knew the following spells:

 Your Spells              Type           Power        Failure   Level
a - Magic Dart            Conj           52%          4%          1
b - Blink                 Tloc           N/A          19%         2
d - Mephitic Cloud        Conj/Pois/Air  9%           24%         3

Your spell library contained the following spells:

 Spells                   Type           Power        Failure   Level
 Call Imp                 Summ           6%           17%         2
 Slow                     Hex            3%           26%         2
 Conjure Flame            Conj/Fire      8%           26%         3


Dungeon Overview and Level Annotations

Branches:
Dungeon (3/15)

Altars:
Wu Jian

Annotations:
D:2 Terence


Innate Abilities, Weirdness & Mutations

A weak demonic guardian rushes to your aid.
You regenerate health from kills.


Message History

The orc priest barely misses you.
Casting: Magic Dart (safe; 4% risk of failure)
Confirm with . or Enter, or press ? or * to list all spells.
You don't have enough magic to cast that spell.
Casting: Magic Dart (safe; 4% risk of failure)
Confirm with . or Enter, or press ? or * to list all spells.
You don't have enough magic to cast that spell.
You hit the orc priest.
The orc priest is almost dead.
The orc priest hits you.
You closely miss the orc priest.
The orc priest is almost dead.
The orc priest barely misses you.
You hit the orc priest.
You kill the orc priest!
Your Air Magic skill increases to level 1!
You have reached level 5!
Your demonic ancestry asserts itself...
You feel the presence of a demonic guardian.
Are you sure you want to abandon this character and quit the game? (Confirm with "yes".)

#.. #.#############.#
#.#...........#.#
#.#.#.........#.#
#.#.##.########.#
#.#.............#
#o###....##.....# #.#
#....##.....# #.#
#.........[@#... #.#
#...........#.... #.#
#......>.......... #.#
#.....)...........
#.###.................
#..o..................
#####.................
#.................
#..........†.....#


There were no monsters in sight!

Vanquished Creatures
  An orc priest (D:3)
  Jessica (D:3)
  A gnoll (D:1)
  An adder (D:3)
  An ooze (D:3)
  A worm (D:3)
  3 dart slugs
  4 leopard geckos
  2 orcs (D:3)
  11 bats
  3 giant cockroaches
  12 goblins
  6 hobgoblins
  A quokka (D:3)
  A ball python (D:1)
  A frilled lizard (D:1)
  7 kobolds
  8 rats
65 creatures vanquished.

Notes
Turn   | Place    | Note
-------+----------+-------------------------------------------
     0 | D:1      | Chiseanne the Demonspawn Hedge Wizard began the quest for
                  | the Orb.
     0 | D:1      | Reached XP level 1. HP: 13/13 MP: 4/4
    93 | D:1      | Gained mutation: You regenerate a little health from kills.
                  | [demonic ancestry]
    93 | D:1      | Reached XP level 2. HP: 17/19 MP: 1/6
  1009 | D:1      | Reached XP level 3. HP: 24/24 MP: 2/8
  1990 | D:2      | Found an ornate altar of the Wu Jian Council.
  2336 | D:2      | Noticed Terence
  2513 | D:3      | Gained mutation: You regenerate health from kills. [demonic
                  | ancestry]
  2513 | D:3      | Reached XP level 4. HP: 30/30 MP: 2/9
  2608 | D:3      | Learned a level 2 spell: Blink
  2612 | D:3      | Learned a level 3 spell: Mephitic Cloud
  2680 | D:3      | Reached skill level 4 in Spellcasting
  2755 | D:3      | Noticed Jessica
  2790 | D:3      | Killed Jessica
  2979 | D:3      | Reached skill level 1 in Poison Magic
  3204 | D:3      | Reached skill level 1 in Air Magic
  3204 | D:3      | Gained mutation: A weak demonic guardian rushes to your
                  | aid. [demonic ancestry]
  3204 | D:3      | Reached XP level 5. HP: 28/35 MP: 0/11
  3204 | D:3      | Quit the game

Illustrated notes

Levels and vault maps discovered:
D:1:      lightli_molten_gateway, layout_loops_ring,
          amcnicky_mini_corridor_feature, minmay_misc_feat_ornament
D:2:      layout_loops_cross, general_overflow_altar, minmay_pentomino_r2,
          uniq_robin, uniq_terence
D:3:      minmay_octagon_keep, layout_basic, tgw_kikubaaqudgha, uniq_ijyb,
          uniq_jessica

Skill      XL: |  1  2  3  4 |
---------------+-------------+-----
Conjurations   | 2 3 |  3.2
Spellcasting   | 4 |  4.2
Poison Magic   | 1 |  1.2
Air Magic      | 1 |  1.0
Dodging        | |  1.7
Stealth        | |  1.7
Summonings     | |  1.0
Translocations | |  0.8

Action                   |  1- 3 |  4- 6 || total
-------------------------+-------+-------++-------
Melee: Dagger            |    15 |       ||    15
       Short sword       |    16 |    30 ||    46
 Cast: Magic Dart        |   119 |    43 ||   162
       Mephitic Cloud    |       |     1 ||     1
  Use: Scroll            |     7 |       ||     7
Armor: Robe              |     4 |    10 ||    14
Dodge: Dodged            |    30 |    26 ||    56
